 Dungeon Crawl Stone Soup version 0.31-a0-949-g57150269e1 (webtiles) character file.

Game seed: 6471424727197007925

10245 Kauriferous the Protected (level 11, 0/151 HPs)
             Began as a Minotaur Fighter on Oct 22, 2023.
             Was a High Priest of Okawaru.
             Killed by divine providence
             ... invoked by an orc priest
              (16 damage)
             ... on level 11 of the Dungeon.
             The game lasted 00:40:15 (10517 turns).

Kauriferous the Protected (Minotaur Fighter)       Turns: 10517, Time: 00:40:16

Health: 0/151      AC: 29    Str: 25    XL:     11   Next: 33%
Magic:  13/13      EV:  2    Int:  5    God:    Okawaru [*****.]
Gold:   494        SH: 11    Dex: 13    Spells: 10/10 levels left

rFire   . . .        a - +0 war axe
rCold   . . .        p - +0 kite shield
rNeg    . . .        x - melded +7 Kryia's mail coat {PotionHeal*2 rC+}
rPois   +            r - melded +1 hat
rElec   .            (cloak currently unavailable)
rCorr   .            H - melded +0 pair of gloves
SInv    .            o - melded +0 pair of boots
Will    .....        (no amulet)
Stlth   +            m - +4 ring of protection
HPRegen 0.45/turn    n - +3 ring of dexterity
MPRegen 0.13/turn

%: no passive effects
@: tree-form, invisible
A: stationary, stasis, torment immunity, boosted hp, (horns 2), (retaliatory
headbutt)
a: Renounce Religion, Heroism, Finesse, Duel


You were on level 11 of the Dungeon.
You worshipped Okawaru.
Okawaru was extremely pleased with you.
You were a tree.
You visited 2 branches of the dungeon, and saw 12 of its levels.

You collected 624 gold pieces.
You spent 130 gold pieces at shops.

Inventory:

Hand Weapons
 a - a +0 war axe (weapon)
Missiles
 i - 10 boomerangs
 u - 5 silver javelins (quivered)
 E - 7 poisoned darts
Armour
 o - a +0 pair of boots (melded)
 p - a +0 kite shield (worn)
 r - a +1 hat (melded)
 x - the +7 Kryia's mail coat (melded) {PotionHeal*2 rC+}
   (You found it on level 4 of the Dungeon)

   PotionHeal*2: Potions heal its wearer twice as much.
   rC+:       It protects you from cold.
 H - a +0 pair of gloves (melded)
Jewellery
 l - a ring of fire
 m - a +4 ring of protection (left branch)
 n - a +3 ring of dexterity (right branch)
Wands
 b - a wand of flame (14)
 c - a wand of light (5)
Scrolls
 f - a scroll of torment {unknown}
 k - 10 scrolls of teleportation
 t - 4 scrolls of fear {unknown}
 w - 4 scrolls of revelation {unknown}
 y - a scroll of blinking {unknown}
 D - a scroll of enchant weapon {unknown}
 F - 2 scrolls of butterflies {unknown}
 G - 2 scrolls of identify
 I - a scroll of immolation {unknown}
 K - a scroll of amnesia {unknown}
Potions
 d - a potion of ambrosia {unknown}
 e - 3 potions of resistance
 g - a potion of curing
 h - a potion of heal wounds {unknown}
 j - 3 potions of haste
 q - a potion of lignification
 s - 2 potions of enlightenment {unknown}
 z - a potion of cancellation {unknown}
 A - 5 potions of might
 B - a potion of mutation {unknown}
 C - 2 potions of attraction {unknown}
 J - 2 potions of degeneration


   Skills:
 + Level 10.7 Fighting
 + Level 10.3 Axes
 + Level 3.9 Throwing
 + Level 10.7 Armour
 + Level 10.6 Shields
 - Level 5.0 Invocations


You had 10 spell levels left.
You didn't know any spells.
Your spell library contained the following spells:

 Spells                   Type           Power      Damage    Failure   Level
 Sandblast                Erth           0%         2d4       65%         1
 Blink                    Tloc           0%         N/A       80%         2
 Lesser Beckoning         Tloc           0%         N/A       80%         2
 Momentum Strike          Conj/Tloc      0%         3d8       80%         2
 Passwall                 Tmut/Erth      0%         N/A       80%         2
 Dazzling Flash           Conj/Hex       0%         N/A       95%         3
 Sigil of Binding         Hex            0%         N/A       95%         3
 Stone Arrow              Conj/Erth      0%         3d7       95%         3
 Volatile Blastmotes      Fire/Tloc      0%         2d10      95%         3
 Brom's Barrelling Bould  Conj/Erth      0%         2d3       100%        4
 Dimensional Bullseye     Hex/Tloc       0%         N/A       100%        4
 Leda's Liquefaction      Hex/Erth       0%         N/A       100%        4
 Starburst                Conj/Fire      0%         6d3       100%        6
 Orb of Destruction       Conj           0%         9d5       100%        7
 Maxwell's Capacitive Co  Air            0%         ∞         100%        8
 Call Canine Familiar     Summ           Unusable   N/A       N/A         3
 Summon Guardian Golem    Hex/Summ       Unusable   N/A       N/A         3
 Spellforged Servitor     Conj/Summ      Unusable   N/A       N/A         7

Dungeon Overview and Level Annotations

Branches:
Dungeon (11/15)            Temple (1/1) D:5            Lair (0/5) D:11
    Orc: D:9-12

Altars:
Ashenzari
Cheibriados
Dithmenos
Elyvilon
Fedhas
Gozag
Hepliaklqana
Kikubaaqudgha
Makhleb
Nemelex Xobeh
Okawaru
Qazlal
Ru
Sif Muna
Trog
Uskayaw
Vehumet
Wu Jian
Xom
Yredelemnul
Zin
The Shining One

Shops:
D:3 =(   D:9 [

Annotations:
D:10 1 runed translucent door, skwerlee's ghost, novice MiBe


Innate Abilities, Weirdness & Mutations

You are a tree.
Your roots penetrate the ground, keeping you stationary.
You cannot be teleported.
You are immune to unholy pain and torment.
Your maximum health is greatly increased.
Your equipment is partially melded.
((You have a pair of horns on your head.))
((You reflexively headbutt those who attack you in melee.))


Message History

You feel very sick.
You feel very sick.
You feel very sick. Something completely misses you.
You feel very sick. Something hits you but does no damage.
You are more poisoned.
The orc priest calls down the wrath of Beogh upon you.
Something writhes in agony.
You feel very sick.
The orc warrior attacks as it pursues you!
The orc warrior hits you from afar with a +0 glaive!
* * * LOW HITPOINT WARNING * * *
You are too confused!
You fade into invisibility!
You feel less confused.
You feel sick. You block the orc warrior's attack.
You hear some strange, mumbled words.
You are confused.
You feel very sick.
There is an open door here.
You feel sick.
The orc priest calls down the wrath of Beogh upon the orc warrior.
The orc warrior writhes in agony!
The orc warrior shouts!
You're too confused to move!
You feel sick.
You feel sick.
The orc priest calls down the wrath of Beogh upon you.
Beogh smites you!
* * * LOW HITPOINT WARNING * * *
You are too confused!
You turn into a tree.
Your +1 hat melds into your body.
Your +0 pair of gloves melds into your body.
Your +0 pair of boots melds into your body.
The +7 Kryia's mail coat {PotionHeal*2 rC+} melds into your body.
Your attunement to healing potions decreases.
Your roots penetrate the ground.
You feel sick.
It was a potion of curing.
You feel better.
The orc priest mumbles some strange prayers to Beogh against you.
Beogh smites you!
You die...

#....#......... #..
####....#......... #..
........'..........####..
........#..........#....(
#####...#..........#.....
#...#......... #.....
#...#.....#### #.....
#...##'##+#..# #.....
#...♣........# #.....
##.....o..############
..........o.#....
.......###..#..# .
####### #..#..#!...
#.)))...... #..#)......
#..#.....$. #..#.......


You could see an orc warrior (unable to see you) and an orc priest (unable to
see you).

Vanquished Creatures
  2 two-headed ogres
  An ugly thing (D:11)
  2 cyclopes (D:11)
  2 trolls
  Grinder (D:6)
  A wyvern (D:5)
  9 yaks
  4 wraiths
  7 vampire mosquitoes
  A steam dragon (D:8)
  An acid dragon (D:11)
  3 water moccasins (D:8)
  3 ice beasts
  6 orc warriors
  An ogre (D:4)
  3 centaurs
  3 bullfrogs
  A gnoll sergeant (D:8)
  3 scorpions
  10 wights
  10 killer bees
  4 howler monkeys
  4 jellies
  2 hounds
  4 orc priests
  A sleepcap (D:5)
  2 gnoll boudas
  6 iguanas
  Natasha (thrice) (D:2)
  5 orc wizards
  16 gnolls
  3 adders (D:2)
  2 shadow imps
  A white imp (D:6)
  3 worms
  3 dart slugs
  47 orcs
  A bat (D:2)
  10 endoplasms
  3 giant cockroaches
  3 goblins
  5 hobgoblins
  15 jackals
  9 kobolds
  A quokka (D:2)
  4 ball pythons
  2 frilled lizards
233 creatures vanquished.

Notes
Turn   | Place    | Note
-------+----------+-------------------------------------------
     0 | D:1      | Kauriferous the Minotaur Fighter began the quest for the
                  | Orb.
     0 | D:1      | Reached XP level 1. HP: 19/19 MP: 0/0
   371 | D:1      | Reached XP level 2. HP: 27/27 MP: 1/1
   547 | D:2      | Noticed Natasha
   555 | D:2      | Killed Natasha
   556 | D:2      | Reached XP level 3. HP: 32/33 MP: 2/2
   805 | D:2      | Reached XP level 4. HP: 41/41 MP: 3/3
   941 | D:2      | Noticed Natasha
   949 | D:2      | Killed Natasha
  1412 | D:2      | Noticed Natasha
  1664 | D:2      | Killed Natasha
  1665 | D:2      | Reached XP level 5. HP: 33/47 MP: 4/4
  2020 | D:3      | Found Xuwnos's One-of-a-Kind Rings.
  2026 | D:3      | Bought a +3 ring of dexterity for 130 gold pieces
  2038 | D:3      | Found Qorukhlit's Antique Weapon Shoppe.
  2062 | D:3      | Found a faded altar of an unknown god.
  2099 | D:3      | Identified the +2 whip of Gravity {flame, Fly}
  2863 | D:4      | Reached skill level 5 in Fighting
  2863 | D:4      | Reached skill level 5 in Armour
  2863 | D:4      | Reached skill level 5 in Shields
  3119 | D:4      | Reached XP level 6. HP: 56/56 MP: 5/5
  3470 | D:4      | Found the +7 Kryia's mail coat {PotionHeal*2 rC+}
  3944 | D:5      | Entered Level 5 of the Dungeon
  3979 | D:5      | Reached skill level 5 in Axes
  3986 | D:5      | Reached XP level 7. HP: 50/62 MP: 6/6
  4048 | D:5      | Found a staircase to the Ecumenical Temple.
  4057 | Temple   | Entered the Ecumenical Temple
  4109 | Temple   | Became a worshipper of Warmaster Okawaru
  4258 | D:5      | Noticed a wyvern
  4269 | D:5      | Killed a wyvern
  4878 | D:6      | Reached XP level 8. HP: 71/71 MP: 7/7
  4910 | D:6      | Reached * piety under Okawaru
  4980 | D:6      | Noticed Grinder
  4994 | D:6      | Killed Grinder
  5824 | D:7      | Reached skill level 1 in Invocations
  5953 | D:7      | Reached ** piety under Okawaru
  6122 | D:7      | Found a shimmering altar of Xom.
  6282 | D:7      | Reached XP level 9. HP: 71/80 MP: 9/9
  6560 | D:7      | Found a shadowy altar of Dithmenos.
  6564 | D:7      | Found a hide-covered altar of Uskayaw.
  6566 | D:7      | Found an ancient bone altar of Kikubaaqudgha.
  6567 | D:7      | Found a blossoming altar of Fedhas.
  6570 | D:7      | Found a snail-covered altar of Cheibriados.
  6571 | D:7      | Found a bloodstained altar of Trog.
  7088 | D:8      | Reached *** piety under Okawaru
  7978 | D:9      | Reached **** piety under Okawaru
  8109 | D:9      | Reached XP level 10. HP: 91/91 MP: 12/12
  8142 | D:9      | Found Joqa's Antique Armour Emporium.
  8563 | D:10     | Entered Level 10 of the Dungeon
  8688 | D:10     | Reached ***** piety under Okawaru
  8706 | D:10     | Noticed a tengu warrior
  8706 | D:10     | Noticed a deep elf pyromancer
  8706 | D:10     | Noticed a centaur warrior
  8720 | D:10     | Noticed a cyclops
  8720 | D:10     | Noticed a skeletal warrior
  8721 | D:10     | Noticed a red ugly thing
  8721 | D:10     | Noticed a death knight
  8900 | D:10     | Found a runed translucent door.
  8904 | D:10     | Noticed skwerlee's ghost (novice MiBe)
  8904 | D:10     | Identified the +4 spear "Faca" {freeze, +Blink rF+ rN+}
  8940 | D:10     | Reached skill level 5 in Invocations
  8999 | D:10     | Found an opulent altar of Gozag.
  9002 | D:10     | Noticed a two-headed ogre
  9078 | D:9      | Reached skill level 1 in Throwing
  9359 | D:11     | Found a staircase to the Lair.
  9366 | D:11     | Noticed a two-headed ogre
  9416 | D:11     | Killed a two-headed ogre
  9416 | D:11     | Received a gift from Okawaru
  9417 | D:11     | Reached skill level 10 in Fighting
  9417 | D:11     | Reached skill level 10 in Armour
  9417 | D:11     | Reached skill level 10 in Shields
  9453 | D:11     | Noticed a cyclops
  9565 | D:10     | Killed a two-headed ogre
  9566 | D:10     | Reached XP level 11. HP: 74/100 MP: 11/13
  9652 | D:11     | Reached skill level 10 in Axes
  9988 | D:11     | Noticed a brown ugly thing
 10416 | D:11     | Killed a brown ugly thing
 10517 | D:11     | Killed from afar by an orc priest

Illustrated notes

Levels and vault maps discovered:
D:1:      dpeg_arrival_simpleton_c, layout_loops_ring, minmay_pentomino_v2
D:2:      layout_loops_ring, minmay_cupped, uniq_natasha
D:3:      layout_loops_ring, shapermc_ecumenical_altar_pompeii, serial_shops,
          shop, nicolae_shop_unique_rings, dk_noncrumbling_2, minmay_distorted
D:4:      layout_layer_cave, serial_rivers, chequers_serial_rivers_small_b,
          chequers_serial_rivers_room_a, chequers_serial_rivers_micro_d,
          chequers_serial_rivers_micro_a, chequers_serial_rivers_micro_c,
          grunt_decor_resistance
D:5:      layout_basic, minmay_temple_entry_mini_moons, chequers_jeans
D:6:      layout_basic, uniq_grinder
D:7:      layout_basic, mainiacjoe_overflow_brackets, minitemple
D:8:      layout_cave_pods, special_room [special_room_orc]
D:9:      wander_river, layout_rooms, serial_shops, shop
D:10:     layout_basic, lemuel_round_altar, ebering_ghost_funeral_grove,
          chequers_serial_rivers_micro_d, minivault_12
D:11:     kennysheep_windowed_halls, layout_irregular_city, lair_entry_dummy,
          erik_orc_1
Temple:   eino_temple_lava

Skill      XL: |  1  2  3  4  5  6  7  8  9 10 11 |
---------------+----------------------------------+-----
Fighting       | 4 5 6 7 9 10 | 10.7
Axes           | 3 4 5 6 7 8 9 10 | 10.3
Armour         | 4 5 6 7 9 10 | 10.7
Shields        | 4 5 6 7 8 10 | 10.6
Invocations    | 2 4 5 |  5.0
Throwing       | 2 3 |  3.9

Action                     |  1- 3 |  4- 6 |  7- 9 | 10-12 || total
---------------------------+-------+-------+-------+-------++-------
  Melee: War axe           |    48 |   138 |   297 |   215 ||   698
         Headbutt          |     9 |    20 |    55 |    58 ||   142
  Throw: Boomerang         |       |     3 |       |       ||     3
         Javelin           |       |     2 |     2 |     5 ||     9
 Invoke: Heroism           |       |       |     2 |     2 ||     4
    Use: Potion            |     1 |       |     2 |     3 ||     6
         Scroll            |       |     4 |     3 |       ||     7
 Armour: Scale mail        |    27 |   100 |   218 |   169 ||   514
         Chain mail        |       |    25 |       |       ||    25
  Dodge: Dodged            |    20 |    73 |   112 |   100 ||   305
  Block: Buckler           |    10 |    46 |    56 |       ||   112
         Kite shield       |       |       |    80 |   140 ||   220

Table legend: (Time is in decaauts)
 A = Elapsed time spent in this place.
 B = Non-inter-level travel time spent in this place.
 C = Inter-level travel time spent in this place.
 D = Time resting spent in this place.
 E = Time spent auto-exploring this place.
 F = Levels seen in this place.
 G = Mean time per level.
                   A        B        C        D        E       F      G
               +--------+--------+--------+--------+--------+-----+--------+
         Total |  10687 |  10174 |    513 |   1538 |   6567 |  12 |  890.6 |
       Dungeon |  10625 |  10170 |    455 |   1538 |   6567 |  11 |  965.9 |
        Temple |     61 |      3 |     58 |      0 |      0 |   1 |   61.0 |
               +--------+--------+--------+--------+--------+-----+--------+

Top non-repeatable levels by time:
     D:4: 1267 daAuts
     D:8: 1253 daAuts
     D:2: 1221 daAuts
     D:6: 1033 daAuts
    D:11: 979 daAuts
    D:10: 944 daAuts
     D:7: 931 daAuts
     D:3: 835 daAuts
     D:5: 793 daAuts
     D:9: 685 daAuts
     D:1: 682 daAuts
  Temple: 61 daAuts
